 Dungeon Crawl Stone Soup version 0.23.0-3-gf3c87f2df8 (webtiles) character file.

Game seed: 1165019602536074565

1816 Naridas the Covert (level 9, -7/63 HPs)
             Began as an Octopode Assassin on Feb 23, 2019.
             Was a Follower of Dithmenos.
             Mangled by an orc
             ... wielding a +0 club
              (8 damage)
             ... on level 7 of the Dungeon.
             The game lasted 00:34:31 (7062 turns).

Naridas the Covert (Octopode Assassin)              Turns: 7062, Time: 00:34:32

Health: -7/63      AC:  1    Str: 11    XL:     9   Next: 10%
Magic:  5/9        EV: 16    Int: 19    God:    Dithmenos [*.....]
Gold:   291        SH:  0    Dex: 13    Spells: 8/8 levels left

rFire    . . .     SeeInvis .   m - +2 short sword (protect)
rCold    . . .     Gourm    .   (no shield)
rNeg     . . .     Faith    .   (helmet restricted)
rPois    .         Spirit   .   (no amulet)
rElec    .         Reflect  .   y - +3 ring of intelligence
rCorr    .         Harm     .   (no ring)
MR       .....                  (no ring)
Stlth    ++++++....             (no ring)
HPRegen  0.20/turn              (no ring)
MPRegen  0.11/turn              (no ring)
                                (no ring)
                                (no ring)

@: marked, wreathed by umbra
A: almost no armour, stealthy swim, amphibious, 8 rings, constrict 8, camouflage
1, gelatinous body 1
a: Renounce Religion


You were on level 7 of the Dungeon.
You worshipped Dithmenos.
Dithmenos was aware of your devotion.
You were very hungry.

You visited 2 branches of the dungeon, and saw 8 of its levels.

You collected 291 gold pieces.

Inventory:

Hand Weapons
 b - a +0 blowgun
 m - a +2 short sword of protection (weapon)
Missiles
 o - 20 poisoned needles
 u - 3 tomahawks (quivered)
 B - 8 javelins of returning
Jewellery
 y - a +3 ring of intelligence (left tentacle)
Wands
 c - a wand of enslavement (7)
 d - a wand of acid (19)
 v - a wand of clouds (4)
 w - a wand of iceblast (5)
 z - a wand of flame (19)
 A - a wand of digging (4)
Scrolls
 g - 6 scrolls of remove curse
 i - 4 scrolls of fog
 j - 2 scrolls of teleportation
 l - a scroll of amnesia {unknown}
 p - 2 scrolls of blinking {unknown}
 r - a scroll of enchant armour {unknown}
 t - 2 scrolls of identify
Potions
 a - a potion of cancellation
 e - 4 potions of heal wounds
 h - 3 potions of curing
 k - 2 potions of flight
 n - 3 potions of brilliance
 q - 2 potions of agility
 s - 3 potions of invisibility
 x - a potion of lignification {unknown}
 C - a potion of degeneration {unknown}
 D - a potion of berserk rage {unknown}
 E - a potion of might {unknown}
Comestibles
 f - 12 rations


   Skills:
 + Level 6.6 Fighting
 - Level 5.1 Short Blades
 - Level 4.2 Throwing
 - Level 5.8 Dodging
 - Level 8.2 Stealth


You had 8 spell levels left.
You didn't know any spells.
Your spell library was empty.

Dungeon Overview and Level Annotations

Branches:
Dungeon (7/15)             Temple (1/1) D:7

Altars:
Ashenzari
Cheibriados
Dithmenos
Elyvilon
Fedhas
Gozag
Hepliaklqana
Kikubaaqudgha
Makhleb
Nemelex Xobeh
Okawaru
Qazlal
Ru
Trog
Uskayaw
Vehumet
Wu Jian
Xom
Yredelemnul
Zin
The Shining One

Annotations:
D:2 Sigmund
D:7 Harold


Innate Abilities, Weirdness & Mutations

You cannot wear most types of armour.
You are very stealthy in the water. (Stealth+)
You are amphibious.
You can wear up to eight rings at the same time.
You can use your tentacles to constrict eight enemies at once.
Your skin changes colour to match your surroundings (Stealth+).
Your rubbery body absorbs attacks. (AC +1, EV +1)


Message History

Harold casts a spell at you. The harpoon shot hits you!!
You stop ascending the stairs.
You are yanked forward by the harpoon shot.
An orc comes into view. It is wielding a +0 hand axe.
The orc closely misses you.
Harold throws a throwing net.
The throwing net hits you.
You become entangled in the net!
You see here a throwing net.
You struggle against the net.
You tear a large gash into the net.
Harold hits you with a +0 long sword!
The orc wizard begins to cast a cantrip, but forgets the words!
You rip the net and break free!
Harold hits you with a +0 long sword!!
* * * LOW HITPOINT WARNING * * *
Aiming: Shadow Step
Press: ? - help, Dir - move target cursor, f - orc wizard
Aim: an orc wizard, wielding a +0 dagger and wearing a +0 robe (umbra)
You step into the orc wizard's shadow.
You can no longer step into the shadows of nearby creatures.
The orc wizard completely misses you. The orc hits you with a +0 club!
You die...

.............# ..... .o.
##..[#.##.##.##.#..##.
#...#.......#.. .....
#...####.####.# ..#.# #...#
#.####.##..#.# #...#
#.......@o.#.#
#...#######...#####<######
#.>.......#....o@o......(..
##..## #.......@o##........
......................
..#.........##........
......>..#####.....$..
.........# #####....
.........# #... ..##.#####
## .# #.


You could see Harold, an orc wizard and 2 orcs.

Vanquished Creatures
  Grinder (D:5)
  An orc warrior (D:4)
  A phantom (D:6)
  A sky beast (D:7)
  2 ogres
  A centaur (D:7)
  A bullfrog (D:6)
  2 howler monkeys (D:4)
  A crimson imp (D:5)
  3 hounds
  4 orc priests
  Crazy Yiuf (D:3)
  A bullfrog skeleton (D:5)
  A jelly (D:5)
  4 orc wizards
  A gnoll shaman (D:4)
  Ijyb (D:3)
  Terence (D:3)
  6 worker ants
  A hound skeleton (D:6)
  10 gnolls
  5 adders
  3 adder skeletons
  4 worms
  5 dart slugs
  10 leopard geckos
  24 orcs
  9 bats
  3 giant cockroaches
  4 goblins
  5 hobgoblins
  3 jackals
  7 kobolds
  2 quokkas
  5 frilled lizards
  A quokka skeleton (D:6)
  A quokka zombie (D:5)
  4 rats
140 creatures vanquished.

Notes
Turn   | Place    | Note
-------+----------+-------------------------------------------
     0 | D:1      | Naridas the Octopode Assassin began the quest for the Orb.
     0 | D:1      | Reached XP level 1. HP: 14/14 MP: 1/1
    89 | D:1      | Reached XP level 2. HP: 19/19 MP: 2/2
   864 | D:2      | Noticed Sigmund
   909 | D:2      | Reached XP level 3. HP: 24/24 MP: 3/3
  1088 | D:2      | Reached skill level 6 in Stealth
  1454 | D:2      | Reached XP level 4. HP: 29/29 MP: 4/4
  1457 | D:2      | Found a faded altar of an unknown god.
  1780 | D:2      | Found a sparkling altar of Nemelex Xobeh.
  2046 | D:3      | Noticed Terence
  2076 | D:3      | Killed Terence
  2076 | D:3      | Reached skill level 7 in Stealth
  2089 | D:3      | Noticed Ijyb
  2099 | D:3      | Killed Ijyb
  2099 | D:3      | Reached XP level 5. HP: 34/34 MP: 5/5
  2167 | D:3      | Reached skill level 8 in Stealth
  2695 | D:3      | Found a runed translucent door.
  2696 | D:3      | Noticed Crazy Yiuf
  2703 | D:3      | Killed Crazy Yiuf
  2703 | D:3      | Reached XP level 6. HP: 42/42 MP: 6/6
  3168 | D:4      | Reached XP level 7. HP: 45/48 MP: 7/7
  3187 | D:4      | You fall through a shaft for 3 floors!
  3189 | D:7      | Found a staircase to the Ecumenical Temple.
  3223 | Temple   | Entered the Ecumenical Temple
  3389 | Temple   | Became a worshipper of Dithmenos the Shadowed
  4247 | D:6      | Reached XP level 8. HP: 32/54 MP: 8/8
  4373 | D:6      | Reached skill level 5 in Dodging
  4477 | D:6      | Reached * piety under Dithmenos
  4965 | D:5      | Entered Level 5 of the Dungeon
  5708 | D:4      | Reached skill level 5 in Short Blades
  6326 | D:5      | Reached skill level 5 in Fighting
  6348 | D:5      | Reached ** piety under Dithmenos
  6717 | D:5      | Noticed Grinder
  6719 | D:5      | Killed Grinder
  6719 | D:5      | Reached XP level 9. HP: 63/63 MP: 9/9
  6909 | D:7      | Found an ornate altar of the Wu Jian Council.
  7048 | D:7      | Noticed Harold
  7062 | D:7      | Mangled by an orc

Skill      XL: |  1  2  3  4  5  6  7  8 |
---------------+-------------------------+-----
Short Blades   | 3 5 |  5.1
Stealth        | 6 7 8 |  8.2
Fighting       | 3 4 6 |  6.6
Throwing       | 3 4 |  4.2
Dodging        | 4 5 |  5.8

Action                   |  1- 3 |  4- 6 |  7- 9 || total
-------------------------+-------+-------+-------++-------
Melee: Dagger            |    64 |    12 |       ||    76
       Constrict         |    16 |    16 |    42 ||    74
       Tentacles         |     6 |     9 |    32 ||    47
       Short sword       |       |    43 |   211 ||   254
 Fire: Blowgun           |     9 |    34 |    40 ||    83
Throw: Tomahawk          |       |     3 |     7 ||    10
Invok: Shadow Step       |       |       |     1 ||     1
  Use: Scroll            |     4 |     1 |     6 ||    11
       Potion            |       |       |     1 ||     1
 Stab: Sleeping          |    10 |    10 |    14 ||    34
       Distracted        |       |       |     1 ||     1
  Eat: Chunk             |     2 |     5 |    11 ||    18
Armor: Skin              |    12 |     8 |    26 ||    46
Dodge: Dodged            |    36 |    26 |   130 ||   192
